 Dungeon Crawl Stone Soup version 0.29-a0-468-ge57f7f99b4 (webtiles) character file.

Game seed: 9129008675526748196

4 spaghetti the Bolt Thrower (level 1, 17/17 HPs)
             Began as a Gnoll Wanderer on May 21, 2022.
             Quit the game on level 1 of the Dungeon.
             The game lasted 00:00:35 (91 turns).

spaghetti the Bolt Thrower (Gnoll Wanderer)           Turns: 91, Time: 00:00:36

Health: 17/17      AC:  3    Str: 14    XL:     1   Next: 70%
Magic:  6/6        EV: 11    Int: 10    God:
Gold:   0          SH:  0    Dex:  9    Spells: 8/9 levels left

rFire   . . .      SeeInvis .   a - +0 hand crossbow {crossbow}
rCold   . . .      Faith    .   (no shield)
rNeg    . . .      Spirit   .   e - +0 leather armour
rPois   .          Reflect  .   (no helmet)
rElec   .          Harm     .   (no cloak)
rCorr   .          Rampage  .   (no gloves)
Will    .....                   (no boots)
Stlth   +.........              (no amulet)
HPRegen 0.05/turn               (no ring)
MPRegen 0.10/turn               (no ring)

@: no status effects
A: fangs 1, strong nose, distributed training
a: no special abilities


You were on level 1 of the Dungeon.
You visited 1 branch of the dungeon, and saw 1 of its levels.


Innate Abilities, Weirdness & Mutations

You have very sharp teeth.
Your uncanny sense of smell can sniff out nearby items.
Your experience applies equally to all skills.


   Skills:
 + Level 2.4 Fighting
 + Level 0.1 Short Blades
 + Level 0.1 Long Blades
 + Level 0.1 Axes
 + Level 0.1 Maces & Flails
 + Level 0.1 Polearms
 + Level 0.1 Staves
 + Level 0.1 Slings
 + Level 0.1 Bows
 + Level 6.4 Crossbows
 + Level 2.4 Throwing
 + Level 0.1 Armour
 + Level 2.4 Dodging
 + Level 0.1 Stealth
 + Level 0.1 Shields
 + Level 0.1 Unarmed Combat
 + Level 4.9 Spellcasting
 + Level 0.1 Conjurations
 + Level 0.1 Hexes
 + Level 0.1 Summonings
 + Level 0.1 Necromancy
 + Level 0.1 Translocations
 + Level 0.1 Transmutations
 + Level 0.1 Fire Magic
 + Level 0.1 Ice Magic
 + Level 3.6 Air Magic
 + Level 0.1 Earth Magic
 + Level 0.1 Poison Magic
 + Level 0.2 Invocations
 + Level 0.1 Evocations


You had 8 spell levels left.
You knew the following spells:

 Your Spells              Type           Power      Damage    Failure   Level
a - Shock                 Conj/Air       24%        1d4       14%         1

Your spell library contained the following spells:

 Spells                   Type           Power      Damage    Failure   Level
 Mephitic Cloud           Conj/Pois/Air  5%         N/A       45%         3
 Airstrike                Air            4%         N/A       54%         4

Inventory:

Hand Weapons
 a - a +0 hand crossbow (weapon) {crossbow}
 c - a +0 dagger {short}
Missiles
 b - 9 poisoned darts {throwing}
 g - 13 stones {throwing}
Armour
 e - a +0 leather armour (worn)
Scrolls
 d - a scroll of fear
 f - a scroll of teleportation {unknown}

Dungeon Overview and Level Annotations

Branches:
Dungeon (1/15)

Altars:

#.# ###### #.#
.....# #.#
.....# ##.##
.....# ##...##
.....#
#..#..###b..?.#
#.......@...#
##.#...#######
##.#.#.######
##.###.........
#.## ##.....##.
##.###...##....
##.#.#..# ##.
########.##..#
##.......###...


You could see a bat.


Message History

No target in view!
No target in view!
No target in view!
No target in view!
No target in view!
No target in view!
No target in view!
No target in view!
No target in view!
No target in view!
No target in view!
No target in view!
No target in view!
No target in view!
No target in view!
No target in view!
No target in view!
No target in view!
No target in view!
No target in view!
A hobgoblin and an endoplasm come into view.
The hobgoblin shouts!
The endoplasm quivers.
A giant cockroach comes into view.
There are monsters nearby!
There are monsters nearby!
There are monsters nearby!
You shoot a bolt. The bolt hits the endoplasm.
You shoot a bolt. The bolt hits the endoplasm.
You kill the endoplasm!
You shoot a bolt. The bolt barely misses the hobgoblin.
The bolt closely misses the giant cockroach.
The giant cockroach waves its antennae.
You shoot a bolt. The bolt hits the hobgoblin.
You kill the hobgoblin!
You shoot a bolt.
The bolt closely misses the giant cockroach.
The giant cockroach closely misses you. x2
You shoot a bolt. The bolt hits the giant cockroach.
The giant cockroach closely misses you.
You shoot a bolt.
The bolt closely misses the giant cockroach.
The giant cockroach bites you but does no damage.
The giant cockroach barely misses you.
You shoot a bolt.
The bolt closely misses the giant cockroach.
The giant cockroach bites you.
You are too injured to fight recklessly!
You are too injured to fight recklessly!
You are too injured to fight recklessly!
You are too injured to fight recklessly! 😕 HP[-1]
You take 1 damage, and now have 16/17 hp.
You are too injured to fight recklessly!
You are too injured to fight recklessly!
You are too injured to fight recklessly!
You are too injured to fight recklessly!
You are too injured to fight recklessly!
You are too injured to fight recklessly!
You are too injured to fight recklessly!
You are too injured to fight recklessly!
You are too injured to fight recklessly!
You are too injured to fight recklessly!
You are too injured to fight recklessly!
You are too injured to fight recklessly!
You are too injured to fight recklessly!
You are too injured to fight recklessly!
You are too injured to fight recklessly!
You are too injured to fight recklessly!
You are too injured to fight recklessly!
You are too injured to fight recklessly!
You are too injured to fight recklessly!
You are too injured to fight recklessly!
You are too injured to fight recklessly!
You are too injured to fight recklessly!
You are too injured to fight recklessly!
You are too injured to fight recklessly!
You are too injured to fight recklessly!
You are too injured to fight recklessly!
You are too injured to fight recklessly!
You are too injured to fight recklessly!
Unknown command.
Unknown command.
Shoot: a) +0 hand crossbow {crossbow}
Press: ? - help, Q - select action, (/) - cycle Shift-Dir - straight line, f/p - giant cockroach
Aim: a giant cockroach (almost dead, 60% to hit)
You shoot a bolt. The bolt hits the giant cockroach.
You kill the giant cockroach!
g - 4 stones {throwing}
Things that are here:
a +0 whip {mace}; a kobold corpse 😎 HP[+1]
Your hp is fully restored (17).
g - 13 stones {throwing} (gained 9) Key pressed, stopping explore.
A bat comes into view.
The bat moves out of view.
The bat hits you but does no damage.
A bat is nearby!
Are you sure you want to abandon this character and quit the game? (Confirm with "yes".)

Action                   || total
-------------------------++-------
 Fire: Hand crossbow     ||    12
Armor: Leather armour    ||     3
Dodge: Dodged            ||     4

Levels and vault maps discovered:
D:1:      tarquinn_simple_flora_water_f, layout_loops_cross, serial_shops, shop,
          shapermc_ecumenical_altar_gd

Notes
Turn   | Place    | Note
-------+----------+-------------------------------------------
     0 | D:1      | spaghetti the Gnoll Wanderer began the quest for the Orb.
     0 | D:1      | spaghetti set off with the following items: a +0 hand
                  | crossbow {crossbow}, 9 poisoned darts {throwing}, a +0
                  | dagger {short}, a scroll of fear, a +0 leather armour; and
                  | the following spell memorised: Shock; and the following
                  | spells available to memorise: Mephitic Cloud, Airstrike
     0 | D:1      | Reached XP level 1. HP: 17/17 MP: 6/6
     0 | D:1      | magus.rc [v1.9.6]
    91 | D:1      | Quit the game

Vanquished Creatures
  An endoplasm (D:1)
  A giant cockroach (D:1)
  A hobgoblin (D:1)
  A kobold (D:1)
4 creatures vanquished.

Table legend:
 A = Non-vault XP
 B = Vault XP
 C = Vault XP percentage of total XP
 D = Non-vault monster count
 E = Vault monster count
 F = Vault count percentage of total count
                 A         B        C        D         E       F
            +---------+---------+-------+---------+---------+-------
      Total |       7 |       0 |   0.0 |       4 |       0 |   0.0
            +---------+---------+-------+---------+---------+-------
        D:1 |       7 |       0 |   0.0 |       4 |       0 |   0.0
            +---------+---------+-------+---------+---------+-------

Illustrated notes

Table legend:
 A = Kills in this place as a percentage of kills in entire the game.
 B = Kills by you in this place as a percentage of kills by you in the entire game.
 C = Kills by friends in this place as a percentage of kills by friends in the entire game.
 D = Other kills in this place as a percentage of other kills in the entire game.
 E = Experience gained in this place as a percentage of experience gained in the entire game.
 F = Experience gained in this place divided by the number of levels of this place that you have seen.
                   A       B       C       D       E      F
               +-------+-------+-------+-------+-------+----------------------
         Total | 100.0 | 100.0 |   N/A |   N/A | 100.0 |   7.0
       Dungeon | 100.0 | 100.0 |   N/A |   N/A | 100.0 |   7.0
               +-------+-------+-------+-------+-------+----------------------

Table legend: (Time is in decaauts)
 A = Elapsed time spent in this place.
 B = Non-inter-level travel time spent in this place.
 C = Inter-level travel time spent in this place.
 D = Time resting spent in this place.
 E = Time spent auto-exploring this place.
 F = Levels seen in this place.
 G = Mean time per level.
                   A        B        C        D        E       F      G
               +--------+--------+--------+--------+--------+-----+--------+
         Total |     93 |     93 |      0 |      0 |     72 |   1 |   93.0 |
       Dungeon |     93 |     93 |      0 |      0 |     72 |   1 |   93.0 |
               +--------+--------+--------+--------+--------+-----+--------+

Top non-repeatable levels by time:
     D:1: 93 daAuts
